 Dungeon Crawl Stone Soup version 0.25-a0-681-gdf4e720381 (webtiles) character file.

Game seed: 18357848497960404462, levelgen mode: deterministic

198572 Conn the Sorcerer (level 17, -10/78 HPs)
             Began as a Deep Elf Conjurer on Mar 30, 2020.
             Was a High Priest of Sif Muna.
             Killed from afar by a nagaraja (39 damage)
             ... with a poison arrow
             ... on level 4 of the Snake Pit.
             The game lasted 03:43:03 (44506 turns).

Conn the Sorcerer (Deep Elf Conjurer)              Turns: 44506, Time: 03:43:03

Health: -10/78     AC: 16    Str:  9    XL:     17   Next: 81%
Magic:  9/55       EV: 17    Int: 24    God:    Sif Muna [*****.]
Gold:   123        SH: 18    Dex: 17    Spells: 3/62 levels left

rFire    . . .     SeeInvis .   a - +7 dagger of Emuuderr {vorpal, rC+++}
rCold    + + +     Gourm    .   y - +0 buckler
rNeg     . . .     Faith    .   O - +2 robe {Archmagi}
rPois    .         Spirit   .   R - +2 hat
rElec    .         Reflect  +   G - +2 cloak
rCorr    .         Harm     .   h - +2 pair of gloves
MR       +....                  w - +2 pair of boots {run}
Stlth    ++++......             N - brooch of Shielding {Reflect SH+8}
HPRegen  0.23/turn              A - ring of magical power
MPRegen  0.34/turn              e - ring of wizardry

@: lethally poisoned (-10 -> -60), quick
A: antennae 1, large bone plates 1, agile 1, frail 1
}: 1/15 runes: decaying
a: Channel Magic, Forget Spell, Divine Exegesis, Renounce Religion


You were on level 4 of the Snake Pit.
You worshipped Sif Muna.
Sif Muna was extremely pleased with you.
You were not hungry.

You visited 6 branches of the dungeon, and saw 32 of its levels.
You also visited: Ossuary.

You collected 2757 gold pieces.
You spent 2634 gold pieces at shops.

Inventory:

Hand Weapons
 a - the +7 dagger of Emuuderr (weapon) {vorpal, rC+++}
   (You found it on level 8 of the Dungeon)

   It inflicts extra damage upon your enemies.
   It renders you almost immune to cold.
 b - the +7 hunting sling of the Hero {freeze, rElec Dex+4 Stlth+}
   (You bought it in a shop on level 14 of the Dungeon)

   It causes projectiles fired from it to freeze those they strike, causing
   extra injury to most foes and up to half again as much damage against
   particularly susceptible opponents.
   They can also slow down cold-blooded creatures.
   It affects your dexterity (+4).
   It insulates you from electricity.
   It makes you more stealthy.
 l - the +6 short sword of the Pyrrhic Victory {flame, rPois Str+5 Int-5 Dex+2}
   (You found it on level 2 of the Lair of Beasts)

   It has been specially enchanted to burn those struck by it, causing extra
   injury to most foes and up to half again as much damage against particularly
   susceptible opponents.
   It affects your strength (+5).
   It affects your intelligence (-5).
   It affects your dexterity (+2).
   It protects you from poison.
Missiles
 m - 10 javelins
 C - 5 curare-tipped darts (quivered)
 H - 134 sling bullets
Armour
 h - a +2 pair of gloves (worn)
 v - a +1 robe of magic resistance
 w - a +2 pair of boots of running (worn)
 y - a +0 buckler (worn)
 B - a +2 pair of boots
 F - the +2 leather armour of Coronation {rPois Str+4}
   (You found it on level 10 of the Dungeon)

   It affects your strength (+4).
   It protects you from poison.
 G - a +2 cloak (worn)
 O - a +2 robe of the Archmagi (worn)
 R - a +2 hat (worn)
Jewellery
 e - a ring of wizardry (right hand)
 g - an uncursed ring of fire
 p - an uncursed ring of positive energy
 A - a ring of magical power (left hand)
 D - an uncursed ring of see invisible
 N - the brooch of Shielding (around neck) {Reflect SH+8}
   (You found it on level 5 of the Lair of Beasts)

   [amulet of reflection]

   It shields you and reflects attacks.
   It affects your SH (+8).
 V - an uncursed ring of magical power
Wands
 f - a wand of enslavement (10)
 s - a wand of digging (23)
Scrolls
 i - 30 scrolls of identify
 j - a scroll of enchant armour
 k - 9 scrolls of remove curse
 n - 4 scrolls of enchant weapon
 o - 4 scrolls of amnesia
 q - 9 scrolls of immolation
 r - 12 scrolls of teleportation
 u - 4 scrolls of fog
 E - 2 scrolls of magic mapping
 I - a scroll of summoning
 S - 2 scrolls of blinking
Potions
 d - 6 potions of curing
 t - 3 potions of haste
 x - a potion of invisibility
 J - 3 potions of might
 K - 2 potions of lignification
 L - 4 potions of flight
 M - 6 potions of heal wounds
 X - 2 potions of magic
 Y - a potion of mutation
 Z - 4 potions of brilliance
Comestibles
 c - 42 rations


   Skills:
 + Level 3.1 Fighting
 + Level 3.6 Short Blades
 + Level 0.4 Throwing
 + Level 5.1 Armour
 + Level 7.4 Dodging
 - Level 7.5 Stealth
 - Level 7.0 Shields
 * Level 23.0 Spellcasting
 + Level 17.1 Conjurations
 + Level 6.6 Hexes
 - Level 4.0 Charms
 + Level 6.9 Summonings
 + Level 5.2 Translocations
   Level 0.1 Transmutations
 * Level 10.8 Fire Magic
 - Level 5.0 Earth Magic
   Level 3.7 Poison Magic
 - Level 6.0 Invocations


You had 3 spell levels left.
You knew the following spells:

 Your Spells              Type           Power        Failure   Level  Hunger
a - Magic Dart            Conj           ####         0%          1    None
b - Searing Ray           Conj           ######       0%          2    None
c - Spellforged Servitor  Conj/Summ      #######...   3%          7    ####...
d - Fulminant Prism       Conj/Hex       #######...   1%          4    None
e - Iskenderun's Mystic   Conj/Tloc      #######.     1%          4    None
f - Fireball              Conj/Fire      #######...   1%          5    None
g - Lee's Rapid Deconstr  Erth           ######....   1%          5    None
h - Invisibility          Hex            ######..     6%          6    None
i - Ignition              Fire           #######...   38%         8    #####..
j - Bolt of Magma         Conj/Fire/Erth #######...   1%          5    None
k - Iskenderun's Battles  Conj/Chrm      #######.     1%          5    None
l - Orb of Destruction    Conj           ########..   1%          7    ####...

Your spell library contained the following spells:

 Spells                   Type           Power        Failure   Level  Hunger
 Foxfire                  Conj/Fire      ####         0%          1    None
 Conjure Flame            Conj/Fire      #######.     0%          3    None
 Animate Skeleton         Necr           N/A          1%          1    None
 Apportation              Tloc           ######       1%          1    None
 Beastly Appendage        Tmut           #####.       1%          1    None
 Corona                   Hex            ######.      1%          1    None
 Infusion                 Chrm           ####         1%          1    None
 Pain                     Necr           ####         1%          1    None
 Summon Small Mammal      Summ           ####         1%          1    None
 Corpse Rot               Necr/Air       N/A          1%          2    None
 Ensorcelled Hibernation  Hex/Ice        ######       1%          2    None
 Passwall                 Tmut/Erth      ######..     1%          2    None
 Poisonous Vapours        Pois/Air       ######       1%          2    None
 Shroud of Golubria       Chrm/Tloc      ######       1%          2    None
 Slow                     Hex            ######..     1%          2    None
 Song of Slaying          Chrm           ######..     1%          2    None
 Sticks to Snakes         Tmut           #####...     1%          2    None
 Sublimation of Blood     Necr           #####.....   1%          2    None
 Swiftness                Chrm/Air       ######..     1%          2    None
 Confusing Touch          Hex            ######..     1%          3    None
 Dazzling Flash           Conj/Hex       ######       1%          3    None
 Ignite Poison            Fire/Tmut/Pois ######..     1%          3    None
 Inner Flame              Hex/Fire       #######.     1%          3    None
 Mephitic Cloud           Conj/Pois/Air  #######.     1%          3    None
 Ozocubu's Armour         Chrm/Ice       ######..     1%          3    None
 Portal Projectile        Hex/Tloc       ######       1%          3    None
 Spectral Weapon          Hex/Chrm       ######..     1%          3    None
 Spider Form              Tmut/Pois      ######....   1%          3    None
 Static Discharge         Conj/Air       #######.     1%          3    None
 Tukima's Dance           Hex            ######..     1%          3    None
 Vampiric Draining        Necr           #####.....   1%          3    None
 Cause Fear               Hex            ######....   1%          4    None
 Hailstorm                Conj/Ice       #######.     1%          4    None
 Leda's Liquefaction      Hex/Erth       ######....   1%          4    None
 Olgreb's Toxic Radiance  Pois           ######..     1%          4    None
 Passage of Golubria      Tloc           N/A          1%          4    None
 Petrify                  Tmut/Erth      ######..     1%          4    None
 Sticky Flame             Conj/Fire      #######.     1%          4    None
 Irradiate                Conj/Tmut      #######...   1%          5    None
 Lightning Bolt           Conj/Air       #######...   1%          5    None
 Iron Shot                Conj/Erth      #######...   1%          6    None
 Animate Dead             Necr           N/A          6%          4    None
 Dispel Undead            Necr           #####...     6%          4    None
 Ice Form                 Ice/Tmut       #####...     6%          4    None
 Darkness                 Hex            ######....   6%          6    None
 Alistair's Intoxication  Tmut/Pois      ######..     7%          5    None
 Excruciating Wounds      Chrm/Necr      ######....   7%          5    None
 Freezing Cloud           Conj/Ice/Air   ######....   9%          6    None
 Agony                    Necr           #####...     16%         5    None
 Blade Hands              Tmut           #####.....   16%         5    None
 Ring of Flames           Chrm/Fire      #######...   22%         7    ####...
 Eringya's Noxious Bog    Tmut/Pois      ######....   34%         6    None
 Lehudib's Crystal Spear  Conj/Erth      #######...   34%         8    #####..
 Death Channel            Necr           #####.....   61%         6    None
 Simulacrum               Ice/Necr       #####.....   61%         6    None
 Haunt                    Necr/Summ      ######....   69%         7    ####...
 Chain Lightning          Conj/Air       #######...   69%         8    #####..
 Fire Storm               Conj/Fire      #######...   85%         9    #######
 Shatter                  Erth           ######....   100%        9    #######
 Tornado                  Air            #####.....   100%        9    #######


Dungeon Overview and Level Annotations

Branches:
Dungeon (15/15)            Temple (1/1) D:4            Lair (6/6) D:11
  Swamp (4/4) Lair:2        Snake (4/4) Lair:3        Slime (0/5) Lair:5
    Orc (2/2) D:10            Elf (0/3) Orc:2        Vaults (0/5) D:14
Ossuary (visited)
 Depths: D:15

Altars:
Ashenzari
Cheibriados
Dithmenos
Elyvilon
Fedhas
Hepliaklqana
Kikubaaqudgha
Makhleb
Nemelex Xobeh
Okawaru
Qazlal
Ru
Sif Muna
Trog
Uskayaw
Vehumet
Wu Jian
Xom
Yredelemnul
Zin
The Shining One

Shops:
D:11 *   D:13 =   D:14 !}(   Orc:2 !}*(!   Snake:1 }=}   Snake:3 [![

Portals:
Pandemonium: Orc:2


Innate Abilities, Weirdness & Mutations

You have a pair of small antennae on your head.
You are partially covered in large bone plates. (SH +4)
You are agile. (Dex +2)
You are frail. (-10% HP)


Message History

The fireball engulfs the naga warrior!!
You kill the naga warrior!
Sif Muna accepts your kill.
The fireball engulfs the naga!!!
You kill the naga!
Sif Muna accepts your kill.
The fireball engulfs the nagaraja!
The nagaraja is moderately wounded.
You feel sick.
Your battlesphere fires!
You block the nagaraja's attack. x2
The naga mage casts a spell at you. The bolt of poison hits you!
You are more poisoned.
An anaconda comes into view.
The nagaraja gestures at you while chanting.
The poison arrow hits you!!!
You are more poisoned.
Ouch! That really hurt!
You die...

...≈≈≈...#####....#
#..≈S≈..# ####.# #
#..≈≈≈..# # #####'###
S#..≈≈≈..#.###....§#..
...N≈≈... #.'.....#..
#).?).######.....'..
##')'###.# ##....#..
#..†N.##'## ##..###.
##*@8....(## #### ##
#..........#
.<...#.......##
######......##
##....## #### #+##'#
##... #.### #....
#...# #.... .......#.#
#...


You could see a nagaraja, an anaconda, a naga mage, a friendly spellforged
servitor and a friendly battlesphere.

Vanquished Creatures
  the Lernaean hydra (Swamp:4)
  3 thorn hunters
  Gastronok (D:10)
  3 nagarajas
  2 entropy weavers (D:12)
  2 vault guards (D:14)
  8 naga warriors
  2 ghost crabs
  A shambling mangrove (Swamp:3)
  23 hydras
  4 catoblepae (Lair:6)
  9 anacondas
  A queen ant (D:12)
  5 two-headed ogres
  19 alligators
  13 death yaks
  6 shock serpents
  5 naga sharpshooters
  6 orc high priests (Orc:2)
  Urug (Lair:5)
  2 sea snakes (Snake:4)
  A salamander mystic (Snake:4)
  4 unseen horrors
  2 infernal demonspawn (Orc:2)
  13 swamp dragons
  5 naga ritualists
  4 orc knights (Orc:2)
  10 mana vipers
  Pikel (D:4)
  A deep elf mage (D:14)
  6 orc sorcerers (Orc:2)
  3 oklob plants
  3 ugly things
  5 salamanders
  2 manticores (Lair:6)
  2 cyclopes
  28 black mambas
  7 naga magi
  A centaur zombie (D:12)
  5 guardian serpents
  7 elephants
  Psyche (D:8)
  A gargoyle (D:12)
  2 rime drakes
  16 spiny frogs
  Maggie (D:8)
  5 komodo dragons
  2 red devils (Orc:2)
  4 trolls
  A wolf spider simulacrum (D:14)
  4 polar bears
  4 hornets
  35 slime creatures
  12 tyrant leeches
  7 bog bodies
  17 blink frogs
  8 dream sheep
  8 hippogriffs
  2 shadows
  A meliai zombie (D:12)
  Sigmund (D:4)
  50 yaks
  A centaur simulacrum (D:14)
  2 vampires
  3 spriggans
  A wraith (Ossuary)
  3 wyverns
  A hungry ghost (D:11)
  Eustachio (D:5)
  3 basilisks
  9 humans (D:14)
  A neqoxec (Orc:2)
  11 vampire mosquitoes
  9 insubstantial wisps
  2 wargs (Orc:2)
  12 swamp worms
  16 soldier ants
  38 nagas
  8 water moccasins
  A hornet zombie (D:14)
  5 porcupines
  12 swamp drakes
  3 ice beasts
  33 orc warriors
  A meliai simulacrum (D:14)
  5 sky beasts
  A slave (D:3)
  2 black bears
  An eye of draining (D:10)
  8 ogres
  5 phantoms
  8 wolves (Lair:2)
  10 centaurs
  8 crocodiles
  13 bullfrogs
  2 gnoll sergeants
  A wyvern zombie (D:9)
  4 scorpions
  4 troll zombies (D:10)
  17 wights
  11 howler monkeys
  7 crimson imps
  A bullfrog zombie (D:5)
  6 hounds
  6 jellies
  24 orc wizards
  23 orc priests
  Crazy Yiuf (D:7)
  4 centaur skeletons
  4 hell rats (Lair:3)
  8 iguanas
  43 worker ants
  2 ogre zombies (D:10)
  A hound skeleton (D:9)
  A mummy (Ossuary)
  A howler monkey skeleton (D:9)
  A worker ant zombie (D:10)
  7 gnolls
  8 adders
  2 shadow imps
  An ooze (D:5)
  An adder skeleton (D:5)
  An adder zombie (D:8)
  4 worms
  A dart slug (D:2)
  6 leopard geckos
  98 orcs
  2 ball pythons
  4 giant cockroaches
  6 hobgoblins
  6 jackals
  3 kobolds
  6 bats
  3 frilled lizards
  4 gnoll skeletons (Ossuary)
  10 goblins
  2 goblin skeletons (D:10)
  4 goblin zombies (D:10)
  3 hobgoblin skeletons (D:10)
  4 kobold skeletons (Ossuary)
  18 orc skeletons
  8 orc zombies (D:10)
  A quokka skeleton (D:9)
  A quokka zombie (D:5)
  6 rats
  2 fulminant prisms
  4 fungi (Lair:6)
  6 plants
1050 creatures vanquished.

Vanquished Creatures (collateral kills)
  The ghost of Anaz the Fighter, a journeyman DgAE (Swamp:1)
  2 naga warriors (Snake:1)
  A shock serpent (Snake:1)
  2 mana vipers (Snake:1)
  2 nagas (Snake:1)
8 creatures vanquished.

Vanquished Creatures (others)
  A naga sharpshooter (Snake:1)
  A human (D:14)
  2 centaurs (D:12)
  A hobgoblin (D:2)
  4 bushes (D:14)
  172 fulminant prisms
  8 fungi
  11 plants
200 creatures vanquished.

Grand Total: 1258 creatures vanquished

Notes
Turn   | Place    | Note
-------+----------+-------------------------------------------
     0 | D:1      | Conn the Deep Elf Conjurer began the quest for the Orb.
     0 | D:1      | Reached XP level 1. HP: 10/10 MP: 6/6
   234 | D:1      | Reached XP level 2. HP: 15/15 MP: 6/8
   372 | D:1      | Reached skill level 5 in Conjurations
   881 | D:1      | Learned a level 2 spell: Searing Ray
  1039 | D:2      | Reached XP level 3. HP: 19/19 MP: 5/9
  1041 | D:2      | Found a faded altar of an unknown god,
  1194 | D:2      | Found a white marble altar of Elyvilon,
  1265 | D:3      | Found a bloodstained altar of Trog,
  1569 | D:2      | Learned a level 3 spell: Dazzling Flash
  1574 | D:3      | Reached XP level 4. HP: 15/24 MP: 6/11
  1944 | D:3      | Reached XP level 5. HP: 28/28 MP: 6/12
  1957 | D:3      | Reached skill level 4 in Spellcasting
  2153 | D:3      | Found a stormy altar of Qazlal,
  2303 | D:3      | Found an iron altar of Okawaru,
  2322 | D:3      | Reached skill level 1 in Fighting
  2447 | D:4      | Reached XP level 6. HP: 34/34 MP: 8/14
  2484 | D:4      | Noticed Pikel
  2489 | D:4      | Noticed a slave
  2490 | D:4      | Noticed a slave
  2491 | D:4      | Noticed a slave
  2494 | D:4      | Noticed a slave
  2579 | D:3      | Killed a slave
  2870 | D:3      | Learned a level 4 spell: Fulminant Prism
  2875 | D:3      | Learned a level 4 spell: Iskenderun's Mystic Blast
  3023 | D:4      | Reached skill level 1 in Short Blades
  3078 | D:4      | Reached skill level 5 in Spellcasting
  3127 | D:4      | Noticed Sigmund
  3135 | D:4      | Killed Sigmund
  3290 | D:4      | Reached XP level 7. HP: 33/38 MP: 13/17
  3391 | D:4      | Found a staircase to the Ecumenical Temple,
  3511 | D:4      | Killed Pikel
  3511 | D:4      | Reached skill level 7 in Spellcasting
  3788 | D:5      | Entered Level 5 of the Dungeon
  3793 | D:5      | Reached XP level 8. HP: 32/43 MP: 10/20
  4303 | D:5      | Noticed Eustachio
  4318 | D:5      | Killed Eustachio
  4318 | D:5      | Reached skill level 1 in Hexes
  4392 | D:5      | Reached skill level 8 in Spellcasting
  4522 | D:5      | Found a hide-covered altar of Uskayaw,
  4615 | D:5      | Found a shattered altar of Ashenzari,
  5902 | D:6      | Reached skill level 9 in Spellcasting
  6192 | D:6      | Found a bloodstained altar of Trog,
  6199 | D:6      | Reached XP level 9. HP: 30/48 MP: 24/24
  6946 | D:7      | Found a sand-covered staircase,
  6949 | D:7      | Reached skill level 5 in Stealth
  6970 | Ossuary  | Entered an ossuary
  7270 | Ossuary  | Reached skill level 10 in Conjurations
  7387 | D:7      | Reached skill level 10 in Spellcasting
  7658 | D:7      | Found a runed translucent door,
  7659 | D:7      | Noticed Crazy Yiuf
  7666 | D:7      | Killed Crazy Yiuf
  7966 | D:8      | Reached skill level 5 in Dodging
  8104 | D:8      | Noticed Psyche
  8112 | D:8      | Killed Psyche
  8112 | D:8      | Reached skill level 11 in Spellcasting
  8112 | D:8      | Reached skill level 1 in Translocations
  8309 | D:8      | Reached XP level 10. HP: 33/53 MP: 27/27
  8534 | D:8      | Got an iridescent dagger
  8535 | D:8      | Identified the +7 dagger of Emuuderr {vorpal, rC+++} (You
                  | found it on level 8 of the Dungeon)
  8594 | D:8      | Noticed Maggie
  8604 | D:8      | Killed Maggie
  9302 | D:8      | Found a snail-covered altar of Cheibriados,
  9302 | D:8      | Found a sparkling altar of Nemelex Xobeh,
  9304 | D:8      | Found a shimmering altar of Xom,
  9365 | D:8      | Gained mutation: You are agile. (Dex +2) [potion of
                  | mutation]
  9365 | D:8      | Gained mutation: You are frail. (-10% HP) [potion of
                  | mutation]
  9365 | D:8      | Gained mutation: You have a pair of small antennae on your
                  | head. [potion of mutation]
  9365 | D:8      | Gained mutation: You are partially covered in large bone
                  | plates. (SH +4) [potion of mutation]
  9636 | Temple   | Entered the Ecumenical Temple
  9798 | Temple   | Became a worshipper of Sif Muna the Loreminder
 10081 | D:9      | Learned a level 3 spell: Spider Form
 10431 | D:9      | Learned a level 1 spell: Pain
 10457 | D:9      | Reached skill level 12 in Spellcasting
 10459 | D:9      | Reached skill level 1 in Poison Magic
 10742 | D:9      | Found an ornate altar of the Wu Jian Council,
 11032 | D:10     | Entered Level 10 of the Dungeon
 11204 | D:10     | Got a slimy leather armour
 11215 | D:10     | Identified the +2 leather armour of Coronation {rPois
                  | Str+4} (You found it on level 10 of the Dungeon)
 11251 | D:10     | You fall into a shaft and drop 3 floors!
 11302 | D:13     | Noticed a four-headed hydra
 11315 | D:13     | Killed a four-headed hydra
 11315 | D:13     | Reached skill level 1 in Armour
 11683 | D:13     | Found a hazy altar of Hepliaklqana,
 11704 | D:13     | Noticed a two-headed ogre
 11709 | D:13     | Killed a two-headed ogre
 11733 | D:13     | Reached XP level 11. HP: 40/51 MP: 27/29
 11735 | D:13     | Reached * piety under Sif Muna
 11858 | D:13     | Found Iskir's Jewellery Shoppe,
 11892 | D:13     | Killed an unseen horror
 12294 | D:13     | Reached skill level 1 in Shields
 12294 | D:13     | Reached skill level 13 in Spellcasting
 12844 | D:14     | Found Ficzycah's Gadget Emporium,
 12844 | D:14     | Noticed a two-headed ogre
 12858 | D:14     | Killed a two-headed ogre
 12868 | D:14     | Noticed a cyan ugly thing
 12868 | D:14     | Noticed a cyan ugly thing
 12868 | D:14     | Noticed a cyan ugly thing
 12915 | D:12     | Noticed a two-headed ogre
 12929 | D:12     | Killed a two-headed ogre
 13135 | D:11     | Found Henoat's Assorted Antiques,
 13573 | D:11     | Noticed a seven-headed hydra
 13580 | D:11     | Killed a seven-headed hydra
 13580 | D:11     | Reached skill level 1 in Invocations
 13845 | D:10     | Reached skill level 14 in Spellcasting
 14078 | D:10     | Reached ** piety under Sif Muna
 14302 | D:10     | Found a staircase to the Orcish Mines,
 14402 | D:10     | Killed an unseen horror
 14581 | D:10     | Noticed Gastronok
 14582 | D:10     | Noticed a two-headed ogre
 14613 | D:10     | Killed a two-headed ogre
 14615 | D:10     | Killed Gastronok
 14615 | D:10     | Reached XP level 12. HP: 32/57 MP: 1/32
 15262 | D:11     | Reached skill level 15 in Spellcasting
 15561 | D:11     | Found a staircase to the Lair,
 15955 | Lair:1   | Entered Level 1 of the Lair of Beasts
 15961 | Lair:1   | Noticed a seven-headed hydra
 15968 | Lair:1   | Killed a seven-headed hydra
 16325 | Lair:1   | Learned a level 5 spell: Lightning Bolt
 16334 | Lair:1   | Learned a level 8 spell: Ignition
 16645 | Lair:1   | Reached *** piety under Sif Muna
 17598 | Orc:1    | Entered Level 1 of the Orcish Mines
 18153 | Orc:2    | Entered Level 2 of the Orcish Mines
 18483 | Orc:2    | Reached skill level 1 in Fire Magic
 18613 | Orc:2    | Found Kajarch's Distillery,
 18615 | Orc:2    | Found Somas's General Store,
 18619 | Orc:2    | Reached **** piety under Sif Muna
 19062 | Orc:2    | Noticed an orc high priest
 19078 | Orc:2    | Killed an orc high priest
 19078 | Orc:2    | Reached XP level 13. HP: 28/61 MP: 23/34
 19272 | Orc:2    | Reached skill level 16 in Spellcasting
 19673 | Orc:2    | Reached skill level 5 in Invocations
 19749 | Orc:2    | Reached skill level 5 in Hexes
 19966 | Orc:2    | Found Zuor's Gadget Emporium,
 19966 | Orc:2    | Found Watetha's Antique Weapon Shoppe,
 19966 | Orc:2    | Found a one-way gate leading to the halls of Pandemonium,
 20012 | Orc:2    | Bought a potion of heal wounds for 70 gold pieces
 20043 | Orc:2    | Bought a scorched hand axe for 232 gold pieces
 20043 | Orc:2    | Identified the +6 hand axe of Cowardice {freeze, +Inv rF-
                  | Stlth+} (You bought it in a shop on level 2 of the Orcish
                  | Mines)
 20105 | Orc:2    | Reached skill level 5 in Armour
 20133 | Orc:2    | Paralysed by an orc sorcerer for 4 turns
 20682 | Orc:2    | Found a staircase to the Elven Halls,
 20706 | Orc:2    | Found Laumeam's Distillery,
 20714 | Orc:2    | Bought a potion of heal wounds for 70 gold pieces
 20714 | Orc:2    | Bought a potion of heal wounds for 70 gold pieces
 20714 | Orc:2    | Bought 2 potions of curing for 84 gold pieces
 21540 | Lair:2   | Got a faintly glowing short sword
 21541 | Lair:2   | Identified the +6 short sword of the Pyrrhic Victory
                  | {flame, rPois Str+5 Int-5 Dex+2} (You found it on level 2
                  | of the Lair of Beasts)
 21612 | Lair:2   | Reached ***** piety under Sif Muna
 21830 | Lair:2   | Found a staircase to the Swamp,
 22107 | Lair:2   | Reached skill level 17 in Spellcasting
 22658 | Lair:3   | Found a staircase to the Snake Pit,
 23352 | Lair:4   | You fall into a shaft and drop 2 floors!
 23352 | Lair:6   | Entered Level 6 of the Lair of Beasts
 23363 | Lair:6   | Received a gift from Sif Muna
 23411 | Lair:6   | Reached XP level 14. HP: 27/64 MP: 6/37
 23678 | Lair:6   | Learned a level 5 spell: Bolt of Magma
 23684 | Lair:6   | Learned a level 5 spell: Iskenderun's Battlesphere
 23692 | Lair:6   | Learned a level 7 spell: Orb of Destruction
 23747 | Lair:6   | Learned a level 7 spell: Spellforged Servitor
 23974 | Lair:5   | Reached skill level 1 in Earth Magic
 24106 | Lair:5   | Reached skill level 1 in Charms
 24236 | Lair:5   | Found a staircase to the Slime Pits,
 24277 | Lair:5   | Found the brooch of Shielding {Reflect SH+8}
 24743 | Lair:5   | Reached skill level 5 in Fire Magic
 24751 | Lair:5   | Noticed Urug
 25264 | Lair:5   | Killed Urug
 25920 | Lair:4   | Reached skill level 18 in Spellcasting
 25920 | Lair:4   | Reached skill level 15 in Conjurations
 26813 | Lair:6   | Identified Sif Muna's Almanac of Attacks (Sif Muna gifted
                  | it to you on level 6 of the Lair of Beasts)
 26813 | Lair:6   | Received a gift from Sif Muna
 27451 | Lair:6   | Reached skill level 1 in Summonings
 28019 | Lair:6   | Learned a level 5 spell: Fireball
 28267 | D:12     | Noticed an entropy weaver
 28286 | D:12     | Killed an entropy weaver
 28321 | D:12     | Reached skill level 5 in Shields
 28487 | D:12     | Reached XP level 15. HP: 68/68 MP: 39/39
 29146 | D:12     | Identified Kuhe Woloyma's Collected Works on Excruciating
                  | Contamination (Sif Muna gifted it to you on level 12 of the
                  | Dungeon)
 29146 | D:12     | Received a gift from Sif Muna
 29352 | D:12     | Reached skill level 19 in Spellcasting
 29938 | D:13     | Bought an uncursed ring of fire for 425 gold pieces
 29938 | D:13     | Bought an uncursed ring of see invisible for 255 gold
                  | pieces
 30945 | D:14     | Found Mygureon's Distillery,
 30973 | D:14     | Bought a potion of heal wounds for 55 gold pieces
 30973 | D:14     | Bought 2 potions of heal wounds for 110 gold pieces
 31040 | D:14     | Found a gate to the Vaults,
 31331 | D:14     | Found Lohesipso's Antique Weapon Shop,
 31344 | D:14     | Bought a faintly glowing hunting sling for 221 gold pieces
 31344 | D:14     | Identified the +7 hunting sling of the Hero {freeze, rElec
                  | Dex+4 Stlth+} (You bought it in a shop on level 14 of the
                  | Dungeon)
 31406 | D:14     | Found a basalt altar of Yredelemnul,
 31545 | D:15     | Entered Level 15 of the Dungeon
 31664 | Swamp:1  | Entered Level 1 of the Swamp
 31741 | Swamp:1  | Reached skill level 5 in Earth Magic
 32337 | Swamp:1  | Identified Sif Muna's Almanac of Ghastly Aid (Sif Muna
                  | gifted it to you on level 1 of the Swamp)
 32337 | Swamp:1  | Received a gift from Sif Muna
 32877 | Swamp:1  | Found a runed translucent door,
 33076 | Swamp:1  | Noticed Anaz's ghost (journeyman DgAE)
 33086 | Swamp:1  | Killed Anaz's ghost
 33097 | Swamp:1  | Identified the Guide on Shifting Darkness
 33821 | Swamp:2  | Reached skill level 5 in Translocations
 33904 | Swamp:2  | Reached skill level 20 in Spellcasting
 34030 | Swamp:2  | Reached XP level 16. HP: 73/73 MP: 34/42
 34373 | Swamp:2  | Got a dazzling arbalest
 34374 | Swamp:2  | Identified the cursed +3 arbalest of the Ecumenical Temple
                  | {vorpal, *Corrode rPois rF+ Int+2} (You found it on level 2
                  | of the Swamp)
 34935 | Swamp:3  | Noticed a thorn hunter
 34937 | Swamp:3  | Killed a thorn hunter
 35057 | Swamp:3  | Reached skill level 5 in Summonings
 36030 | Swamp:4  | Entered Level 4 of the Swamp
 36030 | Swamp:4  | Noticed a thorn hunter
 36239 | Swamp:4  | Killed a thorn hunter
 36604 | Swamp:4  | Identified Sif Muna's Collected Works on Flamy Combat Magic
                  | (Sif Muna gifted it to you on level 4 of the Swamp)
 36604 | Swamp:4  | Received a gift from Sif Muna
 36805 | Swamp:4  | Noticed a thorn hunter
 36809 | Swamp:4  | Killed a thorn hunter
 37090 | Swamp:4  | Reached skill level 21 in Spellcasting
 37122 | Swamp:4  | Noticed the 27-headed Lernaean hydra
 37608 | Swamp:4  | Killed the 27-headed Lernaean hydra
 38183 | Swamp:4  | Got a decaying rune of Zot
 38732 | Snake:1  | Entered Level 1 of the Snake Pit
 39140 | Snake:1  | Reached XP level 17. HP: 74/78 MP: 19/44
 39345 | Snake:1  | Found Suhum's Jewellery Boutique,
 39346 | Snake:1  | Found Anamoll's Gadget Emporium,
 39346 | Snake:1  | Found Ximor's Gadget Emporium,
 39354 | Snake:1  | Bought an uncursed ring of wizardry for 420 gold pieces
 39419 | Snake:1  | Received a gift from Sif Muna
 39574 | Snake:1  | Learned a level 5 spell: Lee's Rapid Deconstruction
 39581 | Snake:1  | Learned a level 6 spell: Invisibility
 40102 | Snake:2  | Reached skill level 10 in Fire Magic
 41060 | Snake:3  | Found Xazet's Antique Armour Emporium,
 41062 | Snake:3  | Found Yllexeru's Distillery,
 41065 | Snake:3  | Found Fusi's Armour Emporium,
 41082 | Snake:3  | Reached skill level 22 in Spellcasting
 41498 | Snake:3  | Bought a +2 pair of boots of running for 622 gold pieces
 42167 | Snake:3  | Got a pair of encrusted gloves
 42178 | Snake:3  | Identified the cursed -5 pair of gloves of Hedonism {Int+2}
                  | (You found it on level 3 of the Snake Pit)
 42608 | Snake:3  | Found a shimmering altar of Xom,
 43604 | Snake:4  | Entered Level 4 of the Snake Pit
 44503 | Snake:4  | Identified Sif Muna's Collected Works on Floating Combat
                  | Magic (Sif Muna gifted it to you on level 4 of the Snake
                  | Pit)
 44503 | Snake:4  | Received a gift from Sif Muna
 44503 | Snake:4  | Reached skill level 23 in Spellcasting
 44506 | Snake:4  | Killed from afar by a nagaraja

Levels and vault maps discovered:
D:1:      evilmike_arrival_plus, layout_basic
D:2:      layout_loops_ring, lemuel_doored_altar, first_ration,
          chequers_ecumenical_altar_simple_redux, uniq_robin
D:3:      layout_rooms, lemuel_crystal_altar, overflow_temple_1_default,
          chequers_serial_rivers_small_b, okawaru_gym_becter
D:4:      layout_cave_pods, minmay_temple_entry_nine_rooms, uniq_pikel,
          uniq_sigmund
D:5:      layout_layer_cave, nicolae_ashenzari_panopticon,
          nicolae_overflow_crystal_walls, kennysheep_generic_room_14,
          uniq_eustachio
D:6:      layout_loops_corners, trog_butcher_becter
D:7:      layout_basic, enter_ossuary_1, uniq_crazy_yiuf_cottage
D:8:      layout_loops_corners, gammafunk_temple_overflow_claw, uniq_psyche,
          uniq_maggie
D:9:      layout_loops_ring, lemuel_crystal_altar
D:10:     layout_cave_pools, zombieorc1_lemuel, the_bakery, minmay_holes,
          uniq_gastronok
D:11:     layout_big_octagon, dpeg_oklobed_lair, serial_shops, shop
D:12:     layout_rooms, zaba_anthell
D:13:     layout_long_grid, basic_altar, serial_shops, shop,
          minmay_misc_feat_secret_circle
D:14:     layout_cave_pools, ximxim_vaults_locker_room, serial_shops, shop,
          nicolae_shop_trees, shop, basic_altar, serial_bayou_pond_e,
          minmay_hedge_maze
D:15:     grunt_enter_depths_giant_problem, layout_loops_ring,
          minmay_misc_feat_tower
Temple:   nicolae_temple_figure_eight
Lair:1:   layout_cave_pods, grunt_megastairs_1
Lair:2:   layout_small_grid, swamp_mist, serial_bayou_lagoon_a,
          minmay_lair_oklob_chamber, lemuel_fruit_fields
Lair:3:   layout_small_grid, minmay_snake_entry_guardpost_medium
Lair:4:   layout_hall_layers, lemuel_fruit_tree
Lair:5:   layout_layer_cave, minmay_slime_entry_pillars, beast_lair_carwin_10,
          grunt_megastairs_2, uniq_urug
Lair:6:   evilmike_catoblepas_cave, layout_small_grid
Swamp:1:  layout_falls_marsh, ebering_ghost_reflecting_pool, serial_swamp_ruin,
          evilmike_swamp_ruin_house_3, evilmike_swamp_ruin_rubble_2,
          swamp_pool5, cheibrodos_swamp_slimy
Swamp:2:  layout_falls_marsh, wheals_swamp_sinkhole, swamp_pool3
Swamp:3:  layout_basic_swamp, evilmike_swamp_ruin_house_6, swamp_pool1
Swamp:4:  swamp_old_school, layout_basic_swamp
Snake:1:  layout_gridlike, minmay_shop_grove
Snake:2:  layout_basic
Snake:3:  skrybe_snakes_to_sticks, layout_layer_cave, grunt_megastairs_3,
          serial_bayou_shore_b, minmay_shop_star
Snake:4:  grunt_snake_rune_pools, layout_gridlike, statue_in_the_mist_lemuel,
          drop_trap
Orc:1:    layout_caves, nicolae_orc_lava_room
Orc:2:    pf_orc_diabolical, layout_caves, serial_shops, shop

Skill      XL: |  1  2  3  4  5  6  7  8  9 10 11 12 13 14 15 16 17 |
---------------+----------------------------------------------------+-----
Conjurations   | 5 6 7 8 9 11 12 13 14 15 16 17 | 17.1
Dodging        | 3 4 5 6 7 |  7.4
Stealth        | 3 4 5 6 7 |  7.5
Spellcasting   | 4 5 7 9 11 12 14 15 17 18 20 21 23 | 23.0
Fighting       | 1 2 3 |  3.1
Short Blades   | 1 2 3 |  3.6
Hexes          | 1 2 3 4 6 |  6.6
Translocations | 1 2 3 4 5 |  5.2
Poison Magic   | 2 3 |  3.7
Armour         | 1 3 4 5 |  5.1
Shields        | 1 3 5 6 7 |  7.0
Invocations    | 2 4 5 6 |  6.0
Fire Magic     | 1 4 6 8 9 10 | 10.8
Earth Magic    | 3 5 |  5.0
Charms         | 4 |  4.0
Summonings     | 1 4 6 |  6.9
Throwing       | |  0.4
Transmutations | |  0.1

Action                   |  1- 3 |  4- 6 |  7- 9 | 10-12 | 13-15 | 16-18 || total
-------------------------+-------+-------+-------+-------+-------+-------++-------
Melee: Short sword       |    22 |    18 |    36 |       |    67 |       ||   143
       Dagger            |       |       |     4 |    93 |   129 |    15 ||   241
Throw: Throwing net      |     2 |       |       |       |       |       ||     2
       Dart              |       |       |       |     1 |       |     4 ||     5
 Cast: Magic Dart        |    62 |    66 |   199 |   258 |   295 |   198 ||  1078
       Searing Ray       |     1 |    10 |    22 |   109 |    87 |    11 ||   240
       Dazzling Flash    |       |     4 |    12 |     8 |     4 |       ||    28
       Fulminant Prism   |       |       |    11 |    50 |   113 |       ||   174
       Iskenderun's Myst |       |       |    19 |    67 |   121 |    38 ||   245
       Pain              |       |       |       |     1 |       |       ||     1
       Spider Form       |       |       |       |     1 |       |       ||     1
       Iskenderun's Batt |       |       |       |       |    44 |    65 ||   109
       Orb of Destructio |       |       |       |       |    11 |    11 ||    22
       Fireball          |       |       |       |       |   103 |   161 ||   264
       Bolt of Magma     |       |       |       |       |     9 |     5 ||    14
       Ignition          |       |       |       |       |     1 |       ||     1
       Spellforged Servi |       |       |       |       |     1 |     6 ||     7
       Invisibility      |       |       |       |       |       |     1 ||     1
       Lee's Rapid Decon |       |       |       |       |       |     1 ||     1
Invok: Channel Magic     |       |       |       |     2 |     2 |     5 ||     9
       Divine Exegesis   |       |       |       |       |     1 |       ||     1
Evoke: Wand              |       |       |       |     1 |       |       ||     1
  Use: Potion            |     3 |       |     2 |    13 |     8 |     7 ||    33
       Scroll            |     1 |     2 |     9 |     4 |    10 |     6 ||    32
 Stab: Sleeping          |     1 |     2 |     1 |     9 |     3 |     2 ||    18
       Invisible         |       |     1 |     4 |     3 |     1 |       ||     9
       Distracted        |       |       |       |       |     1 |       ||     1
  Eat: Chunk             |     1 |     7 |     9 |    43 |    36 |    13 ||   109
       Ration            |       |       |     2 |       |     2 |     7 ||    11
Armor: Robe              |    10 |     7 |    17 |    35 |    50 |    36 ||   155
       Leather armour    |       |       |       |    25 |     3 |       ||    28
Dodge: Dodged            |    30 |    28 |    98 |   157 |   159 |    69 ||   541
Block: Other             |       |       |       |    35 |       |       ||    35
       Kite shield       |       |       |       |    28 |   143 |       ||   171
       Buckler           |       |       |       |       |   182 |   131 ||   313
       Reflection        |       |       |       |       |    13 |    32 ||    45

Table legend:
 A = Non-vault XP
 B = Vault XP
 C = Vault XP percentage of total XP
 D = Non-vault monster count
 E = Vault monster count
 F = Vault count percentage of total count
                 A         B        C        D         E       F
            +---------+---------+-------+---------+---------+-------
      Total |  192514 |   83917 |  30.4 |     763 |     286 |  27.3
            +---------+---------+-------+---------+---------+-------
        D:1 |      33 |       0 |   0.0 |      19 |       0 |   0.0
        D:2 |      36 |      11 |  23.4 |      11 |       6 |  35.3
        D:3 |     260 |       0 |   0.0 |      31 |       0 |   0.0
        D:4 |     211 |     837 |  79.9 |      11 |       2 |  15.4
        D:5 |     830 |     263 |  24.1 |      24 |       2 |   7.7
        D:6 |     353 |     235 |  40.0 |      14 |       4 |  22.2
        D:7 |     708 |      40 |   5.3 |      18 |       1 |   5.3
        D:8 |    1689 |     818 |  32.6 |      31 |       2 |   6.1
        D:9 |    1379 |       0 |   0.0 |      23 |       0 |   0.0
       D:10 |    3835 |    3083 |  44.6 |      43 |      29 |  40.3
       D:11 |    3677 |     900 |  19.7 |      27 |       4 |  12.9
       D:12 |    7786 |    6313 |  44.8 |      36 |      42 |  53.8
       D:13 |    5151 |       0 |   0.0 |      23 |       0 |   0.0
       D:14 |    9993 |    3781 |  27.5 |      36 |      11 |  23.4
     Lair:1 |    5863 |     403 |   6.4 |      22 |       1 |   4.3
     Lair:2 |    6183 |    1295 |  17.3 |      29 |       3 |   9.4
     Lair:3 |    2475 |     805 |  24.5 |      11 |       5 |  31.2
     Lair:4 |    5977 |       0 |   0.0 |      14 |       0 |   0.0
     Lair:5 |    5946 |    5861 |  49.6 |      18 |      15 |  45.5
     Lair:6 |   10988 |   11617 |  51.4 |      40 |      23 |  36.5
    Swamp:1 |   11981 |    2539 |  17.5 |      28 |       8 |  22.2
    Swamp:2 |   12511 |       0 |   0.0 |      27 |       0 |   0.0
    Swamp:3 |   16636 |       0 |   0.0 |      39 |       0 |   0.0
    Swamp:4 |   15437 |   19806 |  56.2 |      30 |      24 |  44.4
    Snake:1 |   17208 |       0 |   0.0 |      38 |       0 |   0.0
    Snake:2 |    6827 |       0 |   0.0 |      11 |       0 |   0.0
    Snake:3 |   29896 |     998 |   3.2 |      57 |       2 |   3.4
    Snake:4 |    6204 |    8948 |  59.1 |      12 |      12 |  50.0
      Orc:1 |     428 |       0 |   0.0 |      12 |       0 |   0.0
      Orc:2 |    2013 |   15112 |  88.2 |      28 |      63 |  69.2
    Ossuary |       0 |     252 | 100.0 |       0 |      27 | 100.0
            +---------+---------+-------+---------+---------+-------
